 Dungeon Crawl Stone Soup version 0.31.0-11-ge490571c62 (webtiles) character file.

Game seed: 15024152359647831302

9 browni3141 the Conjurer (level 2, 19/19 HPs)
             Began as a Demonspawn Conjurer on Jan 30, 2024.
             Got out of the dungeon alive.
             The game lasted 00:00:17 (557 turns).

browni3141 the Conjurer (Demonspawn Conjurer)        Turns: 557, Time: 00:00:18

Health: 19/19      AC:  2    Str:  7    XL:     2   Next: 3%
Magic:  5/5        EV: 12    Int: 18    God:
Gold:   3          SH:  0    Dex: 11    Spells: 4/5 levels left

rFire   . . .        (no weapon)
rCold   . . .        (no shield)
rNeg    . . .        a - +0 robe
rPois   .            (no helmet)
rElec   .            (no cloak)
rCorr   .            (no gloves)
SInv    .            (no boots)
Will    .....        (no amulet)
Stlth   ++           (no ring)
HPRegen 0.23/turn    (no ring)
MPRegen 0.09/turn

%: no passive effects
@: no status effects
A: claws 1
a: no special abilities


You escaped.
You visited 1 branch of the dungeon, and saw 1 of its levels.

You collected 3 gold pieces.

Inventory:

Armour
 a - a +0 robe (worn)
Scrolls
 c - a scroll of poison {unknown}
 d - a scroll of identify {unknown}
Potions
 b - a potion of magic


   Skills:
 + Level 2.0 Dodging
 + Level 2.0 Stealth
 + Level 2.1 Spellcasting
 + Level 4.1 Conjurations


You had 4 spell levels left.
You knew the following spells:

 Your Spells              Type           Power      Damage    Failure   Level
a - Magic Dart            Conj           64%        1d6       3%          1

Your spell library contained the following spells:

 Spells                   Type           Power      Damage    Failure   Level
 Searing Ray              Conj           32%        2d5       4%          2
 Fulminant Prism          Conj/Alch      4%         3d5       58%         4
 Iskenderun's Mystic Bla  Conj/Tloc      9%         2d4       58%         4


Dungeon Overview and Level Annotations

Branches:
Dungeon (1/15)

Altars:


Innate Abilities, Weirdness & Mutations

You have sharp fingernails.


Message History

Found an escape hatch in the floor.
Found a staircase leading out of the dungeon.
Setting a skill training target for Axes at 18.0.
Setting a skill training target for Invocations at 14.0.
Setting a skill training target for Throwing at 11.0.
No target in view!
A kobold comes into view. It is wielding a +0 dagger.
A kobold is nearby!
A kobold is nearby!
The magic dart hits the kobold.
You kill the kobold!
You can't see any susceptible monsters within range! (Use Z to cast anyway.)
You can't see any susceptible monsters within range! (Use Z to cast anyway.) Magic restored.
Things that are here:
a +0 dagger; 4 stones An endoplasm comes into view.
An endoplasm is nearby!
The magic dart hits the endoplasm.
You kill the endoplasm!
You can't see any susceptible monsters within range! (Use Z to cast anyway.)
You can't see any susceptible monsters within range! (Use Z to cast anyway.)
A bat comes into view.
A bat is nearby!
A bat is nearby!
The magic dart hits the bat.
The bat is moderately wounded.
The magic dart hits the bat.
You kill the bat!
You can't see any susceptible monsters within range! (Use Z to cast anyway.)
You see here a bat corpse.
A goblin comes into view. It is wielding a +0 dagger.
A goblin is nearby!
The magic dart hits the goblin.
You kill the goblin!
You can't see any susceptible monsters within range! (Use Z to cast anyway.)
You can't see any susceptible monsters within range! (Use Z to cast anyway.)
A rat comes into view.
A rat is nearby!
The magic dart hits the rat.
You kill the rat!
You can't see any susceptible monsters within range! (Use Z to cast anyway.)
You can't see any susceptible monsters within range! (Use Z to cast anyway.)
You now have 3 gold pieces.
A goblin comes into view. It is wielding a +0 dagger.
A goblin is nearby!
The magic dart hits the goblin.
The goblin is severely wounded.
The goblin shouts!
The magic dart hits the goblin.
You kill the goblin!
A rat comes into view.
The magic dart hits the rat.
You kill the rat!
Things that are here:
a +0 dagger; a goblin corpse
c - a scroll labelled VIKOGO XIU A goblin comes into view.
It is wielding a +0 dagger.
The goblin shouts!
A goblin is nearby!
The magic dart hits the goblin.
The goblin is severely wounded.
The magic dart hits the goblin.
You kill the goblin!
Your Dodging skill increases to level 2!
Your Stealth skill increases to level 2!
You can't see any susceptible monsters within range! (Use Z to cast anyway.)
d - a scroll labelled OREDEJOURA A quokka comes into view.
The magic dart hits the quokka.
The quokka is lightly wounded.
The magic dart hits the quokka but does no damage.
The quokka is lightly wounded.
The magic dart hits the quokka but does no damage.
The quokka is lightly wounded.
You are out of magic!
The quokka attacks as it pursues you! The quokka bites you.
The quokka attacks as it pursues you! The quokka closely misses you.
The quokka bites you.
Aiming: Magic Dart (safe; 3% risk of failure)
Press: ? - help, Q - select action Shift-Dir - straight line, f/p - quokka
Aim: a quokka (lightly wounded, 100% to hit)
The magic dart hits the quokka.
The quokka is almost dead.
The quokka closely misses you. The quokka attacks as it pursues you!
The quokka misses you. The quokka bites you. The quokka bites you.
The quokka attacks as it pursues you! The quokka closely misses you.
Aiming: Magic Dart (safe; 3% risk of failure)
Press: ? - help, Q - select action Shift-Dir - straight line, f/p - quokka
Aim: a quokka (almost dead, 100% to hit)
The magic dart hits the quokka.
You kill the quokka!
You have reached level 2!
Your demonic ancestry asserts itself...
Your fingernails lengthen.
HP restored.
There is a staircase leading out of the dungeon here.
You have escaped!

.# .# ## ##### #
#...# # #...# #
#...# #
#...############ #
#%.............#
####...#########@>#
..##...# ####
.......# ####)###
..##.# #.##.#
#....# .....#
.#####


There were no monsters in sight!

Vanquished Creatures
  An endoplasm (D:1)
  A quokka (D:1)
  A bat (D:1)
  3 goblins (D:1)
  A kobold (D:1)
  2 rats (D:1)
9 creatures vanquished.

Notes
Turn   | Place    | Note
-------+----------+-------------------------------------------
     0 | D:1      | browni3141 the Demonspawn Conjurer began the quest for the
                  | Orb.
     0 | D:1      | Reached XP level 1. HP: 13/13 MP: 3/3
   476 | D:1      | Gained mutation: You have sharp fingernails. [demonic
                  | ancestry]
   476 | D:1      | Reached XP level 2. HP: 9/19 MP: 0/5
   557 | D:$      | Got out of the dungeon alive.

Illustrated notes

Levels and vault maps discovered:
D:1:      dpeg_arrival_tiny_a, layout_basic, serial_shops, shop_fountains

Skill      XL: |  1 |
---------------+----+-----
Dodging        | 2 |  2.0
Stealth        | 2 |  2.0
Spellcasting   | |  2.1
Conjurations   | |  4.1

Action                     || total
---------------------------++-------
   Cast: Magic Dart        ||    16
 Armour: Robe              ||     4
  Dodge: Dodged            ||     4
